 Dungeon Crawl Stone Soup version 0.16.1-18-g436b03c (webtiles) character file.

310 drasked the Ruffian (level 6, -4/59 HPs)
             Began as a Troll Monk on May 14, 2015.
             Slain by an orc
             ... wielding a +0 long sword
              (9 damage)
             ... on level 4 of the Dungeon.
             The game lasted 00:03:08 (2383 turns).

drasked the Ruffian (Troll Monk)                    Turns: 2383, Time: 00:03:08

Health: -4/59      AC:  5    Str: 22    XL:     6   Next: 18%
Magic:  3/3        EV: 10    Int:  6    God:
Gold:   208        SH:  0    Dex: 12    Spells: 0 memorised, 5 levels left

rFire  . . .     SeeInvis .       - Unarmed
rCold  . . .     Clarity  .     a - +0 robe
rNeg   . . .     SustAb   .     (shield restricted)
rPois  .         Gourm    +     (helmet restricted)
rElec  .         Spirit   .     (no cloak)
rCorr  .         Warding  .     (gloves unavailable)
rMut   .         Stasis   .     (boots unavailable)
MR     .....                    (no amulet)
Stlth  +.........               (no ring)
                                (no ring)

@: drained, not resistant to hostile enchantments, very unstealthy
A: unfitting armour, claws 3, fast metabolism 3, gourmand, regeneration 2,
shaggy fur 1, tough skin 2
a: no special abilities


You were on level 4 of the Dungeon.
You were completely stuffed.

You visited 2 branches of the dungeon, and saw 5 of its levels.

You collected 208 gold pieces.

Inventory:

Armour
 a - a +0 robe (worn)
Jewellery
 i - an uncursed amulet of regeneration {unknown}
   (You found it on level 1 of the Dungeon)
 r - an uncursed ring of teleport control {unknown}
   (You found it on level 3 of the Dungeon)
 t - an uncursed amulet of guardian spirit {unknown}
   (You found it on level 3 of the Dungeon)
Magical devices
 y - a wand of fire (5)
   (You found it on level 4 of the Dungeon)
 z - a wand of magic darts (31)
   (You found it on level 4 of the Dungeon)
Scrolls
 e - 2 scrolls of amnesia {unknown}
 f - 3 scrolls of noise {unknown}
 k - 3 scrolls of remove curse {unknown}
 l - 2 scrolls of teleportation {unknown}
 o - 2 scrolls of random uselessness {unknown}
Potions
 c - 2 potions of invisibility {unknown}
 g - 5 potions of curing {unknown}
 h - 2 potions of heal wounds {unknown}
 m - a potion of lignification {unknown}
 n - a potion of poison {unknown}
 p - a potion of agility {unknown}
 q - a potion of flight {unknown}
 s - a potion of beneficial mutation {unknown}
 w - a potion of might {unknown}
 x - a potion of restore abilities {unknown}
Comestibles
 b - 3 meat rations {@e2}
 d - a royal jelly
 j - 2 beef jerkies
 u - 2 bread rations {@e1}
 v - a fruit
 A - a chunk of flesh {@w0}


   Skills:
 - Level 2.4(2.1) Fighting
 - Level 2.4(2.1) Dodging
 - Level 1.1(0.8) Stealth
 + Level 7.5(7.2) Unarmed Combat


You had 5 spell levels left.
You didn't know any spells.

Dungeon Overview and Level Annotations

Branches:
Dungeon (4/15)             Temple (1/1) D:4

Altars:
Cheibriados
Dithmenos
Elyvilon
Fedhas
Gozag
Makhleb
Qazlal
Ru
Sif Muna
Vehumet
Xom
Yredelemnul
Zin


Innate Abilities, Weirdness & Mutations

You are too large for most types of armour.
You have claws for hands.
Your metabolism is lightning-fast.
You like to eat raw meat.
You heal very quickly.
You are covered in fur (AC +1).
You have very tough skin (AC +2).


Message History

You closely miss the ogre. The ogre hits you with a giant club!!
Unknown command.
There are monsters nearby!
You are too injured to fight recklessly!
Unknown command.
You take 20 damage, and have 21/50 hp.
MASSIVE DAMAGE!!
There are monsters nearby!
You are too injured to fight recklessly!
Unknown command.
There are monsters nearby!
You are too injured to fight recklessly!
Unknown command.
There are monsters nearby!
You are too injured to fight recklessly!
Unknown command.
You barely miss the ogre. The ogre hits you with a giant club.
An orc comes into view. It is wielding a whip.
You take 4 damage, and have 17/50 hp.
The orc shouts!
You claw the ogre!
You kill the ogre!
You have reached level 6!
Your experience leads to an increase in your attributes!
Increase (S)trength, (I)ntelligence, or (D)exterity?
You feel stronger. x2
A jackal comes into view.
You regained 4 hp, and now have 21/59 hp.
MP restored: 3 The orc hits you but does no damage.
The jackal barks!
You scratch the orc.
The orc begins to bleed from its wounds!
You claw the orc!
You kill the orc!
You closely miss the jackal. The jackal barely misses you.
A jackal comes into view.
You closely miss the jackal.
The jackal bites you but does no damage.
The jackal moves out of view.
An orc comes into view. It is wielding a war axe.
You closely miss the jackal. The jackal barely misses you.
The orc moves out of view.
The jackal bites you but does no damage.
You claw the jackal!
You kill the jackal!
You barely miss the goblin.
The jackal barks!
The goblin hits you but does no damage.
You claw the goblin!
You kill the goblin!
The orc shouts!
You mangle the jackal!!
You kill the jackal!
The orc hits you with a whip.
Items here: )) [ ††† a dagger; a mace; a ring mail; a goblin corpse; a jackal corpse; an orc corpse You take 5 damage, and have 22/59 hp.
You closely miss the orc. The orc hits you but does no damage.
You barely miss the orc. The orc closely misses you.
An orc comes into view. It is wielding a long sword.
You claw the orc!
You kill the orc!
The jackal bites you.
An orc comes into view. It is wielding a mace of draining.
You take 2 damage, and have 21/59 hp.
The orc shouts!
You claw the jackal!
You kill the jackal!
You scratch the orc but do no damage. The orc barely misses you.
You scratch the orc.
You kill the orc!
Items here: )) [[ †† a war axe; a ring mail; a whip; a leather armour; a jackal corpse an orc corpse The orc closely misses you.
The orc hits you with a mace of draining.
You feel drained.
* * * LOW HITPOINT WARNING * * *
You see here 25 arrows.
You take 8 damage, and have 15/59 hp.
You claw the orc!
You kill the orc!
The orc hits you but does no damage. The orc hits you with a long sword!
* * * LOW HITPOINT WARNING * * *
Things that are here:
a mace of draining; an orc corpse You take 7 damage, and have 9/59 hp.
The orc hits you but does no damage. The orc hits you with a long sword.
* * * LOW HITPOINT WARNING * * *
You take 5 damage, and have 5/59 hp.
The orc hits you with a long sword.
* * * LOW HITPOINT WARNING * * *
Things that are here:
a mace of draining; an orc corpse You take 1 damage, and have 4/59 hp.
You barely miss the orc. The orc hits you with a long sword!
You die...

.... #........# #.......##.
....### #.# #.......##.
......#######.###
#.#......###.
....#...........###
#........###.
...##.............#
#..........#[
...##.............#
...#........
...##............... .#
#.####...
......############## ...
####
......##.....))(@#########
.........######.o..........
.........# #.)..........
.........# #............
...).....# #...........
...).....# #...........
###)(....# #.....(.....
#......# #..........
#......# #.........


You could see an orc.

Vanquished Creatures
  An ogre (D:4)
  A hound (D:3)
  2 orc wizards
  A worker ant (D:4)
  An adder (D:2)
  A giant mite (D:3)
  2 worms
  6 giant geckos
  An ooze (D:3)
  11 orcs
  8 hobgoblins
  8 jackals
  7 kobolds
  A quokka (D:3)
  A ball python (D:2)
  5 bats
  5 giant cockroaches
  9 giant newts
  8 goblins
  8 rats
87 creatures vanquished.

Notes
Turn   | Place    | Note
--------------------------------------------------------------
     0 | D:1      | drasked, the Troll Monk, began the quest for the Orb.
     0 | D:1      | Reached XP level 1. HP: 22/22 MP: 1/1
   113 | D:1      | Reached XP level 2. HP: 29/29 MP: 1/1
   529 | D:1      | Reached XP level 3. HP: 36/36 MP: 2/2
   883 | D:2      | Reached skill level 5 in Unarmed Combat
  1163 | D:2      | Found a white marble altar of Elyvilon.
  1469 | D:3      | Reached XP level 4. HP: 37/44 MP: 2/2
  1492 | D:3      | Reached skill level 6 in Unarmed Combat
  1596 | D:3      | Reached XP level 5. HP: 50/50 MP: 2/2
  1981 | D:4      | Found a staircase to the Ecumenical Temple.
  2051 | Temple   | Entered the Ecumenical Temple
  2240 | D:4      | Reached skill level 7 in Unarmed Combat
  2347 | D:4      | Noticed an ogre
  2355 | D:4      | Killed an ogre
  2355 | D:4      | Reached XP level 6. HP: 20/59 MP: 3/3
  2378 | D:4      | HP: 9/59 [orc/long sword (7)]
  2382 | D:4      | HP: 4/59 [orc/long sword (1)]
  2383 | D:4      | Slain by an orc

Action                   |  1- 3 |  4- 6 || total
-------------------------+-------+-------++-------
Melee: Unarmed           |   102 |   101 ||   203
 Stab: Sleeping          |     3 |       ||     3
  Eat: Chunk             |    16 |    11 ||    27

Vault maps used:
D:1:      shiori_arrival_elements
D:2:      elyvilon_altar_4
D:3:      first_bread
D:4:      minmay_temple_entry_overgrown
Temple:   circular_temple_12

Table legend:
 A = Turns spent in this place as a percentage of turns spent in the entire game.
 B = Non-inter-level travel turns spent in this place as a percentage of non-inter-level travel turns spent in the entire game.
 C = Inter-level travel turns spent in this place as a percentage of turns spent in this place.
 D = Turns resting spent in this place as a percentage of non-inter-level travel turns spent in this place.
 E = Turns spent auto-exploring this place as a percentage of non-inter-level travel turns spent in this place.
 F = Non-inter-level travel turns spent in this place divided by the number of levels of this place that you've seen.
                   A       B       C       D       E      F
               +-------+-------+-------+-------+-------+----------------------
         Total | 100.0 | 100.0 |   1.4 |   0.2 |   7.0 | 389.4
       Dungeon |  98.3 |  98.3 |   1.3 |   0.2 |   6.5 | 478.5
        Temple |   1.7 |   1.7 |   2.9 |   0.0 |  39.4 |  33.0
               +-------+-------+-------+-------+-------+----------------------

Table legend:
 A = Kills in this place as a percentage of kills in entire the game.
 B = Kills by you in this place as a percentage of kills by you in the entire game.
 C = Kills by friends in this place as a percentage of kills by friends in the entire game.
 D = Other kills in this place as a percentage of other kills in the entire game.
 E = Experience gained in this place as a percentage of experience gained in the entire game.
 F = Experience gained in this place divided by the number of levels of this place that you have seen.
                   A       B       C       D       E      F
               +-------+-------+-------+-------+-------+----------------------
         Total | 100.0 | 100.0 |  -nan |  -nan | 100.0 |  88.8
       Dungeon | 100.0 | 100.0 |  -nan |  -nan | 100.0 | 111.0
               +-------+-------+-------+-------+-------+----------------------
